AoeStats
← augustin.renard

Black Forest

506632086Analyzed
3v3 RM · 18d ago on Sep 14, 2026· 54m 49s· 6 players
Game mode
Random Map
Map size
Normal (6 player)
Population
200
Speed
Normal
Resources
Standard
Victory
Conquest
Starting age
Dark Age
Ending age
Imperial Age
RankedLock teamsTeams togetherTeam positionsShared explorationLock speedFull tech treeHidden civsTurbo modeCheats
Victory
Defeat
🇨🇴 Burgundians · Colombia
892
+10
🇨🇳 Lithuanians · China
865
+11
🇧🇷 Hindustanis · Brazil
861
+11
🇫🇷 Mongols · France
783
-12
🇧🇷 Sicilians · Brazil
737
-10
🇲🇽 Sicilians · Mexico
731
-10
augustin.renard
0:34 Loom
10:44 Feudal Age
11:14 Double-Bit Axe
11:12 Horse Collar
12:53 Wheelbarrow
13:39 Gold Mining
21:38 Castle Age
21:10 Stone Mining
23:01 Stone Shaft Mining
23:04 Gold Shaft Mining
26:42 Nomads
28:26 Fletching
32:03 Bow Saw
32:23 Heavy Plow
36:24 Hand Cart
38:11 Caravan
45:15 Imperial Age
42:38 Town Watch
43:19 Ballistics
43:41 Bodkin Arrow
43:47 Padded Archer Armor
45:31 Murder Holes
46:58 Hoardings
47:07 Hoardings
juanette
10:47 Feudal Age
12:28 Wheelbarrow
11:58 Double-Bit Axe
14:57 Loom
17:31 Castle Age
16:32 Horse Collar
16:46 Stone Mining
17:11 Forging
17:57 Town Watch
18:56 Town Patrol
28:07 Heavy Plow
31:05 Hand Cart
34:59 Imperial Age
33:27 Bow Saw
33:12 Gold Mining
34:02 Stone Shaft Mining
33:36 Murder Holes
34:48 First Crusade
35:01 Fervor
34:16 Man-at-Arms
35:58 Iron Casting
35:58 Hauberk
35:26 Long Swordsman
35:53 Gambesons
36:09 Squires
35:55 Arson
37:40 Blast Furnace
39:13 Chemistry
38:21 Scale Mail Armor
37:47 Cavalier
38:29 Husbandry
38:05 Elite Serjeant
38:16 Two-Handed Swordsman
38:17 Pikeman
39:52 Chain Mail Armor
39:16 Champion
39:16 Halberdier
41:55 Scale Barding Armor
44:16 Elite Skirmisher
48:43 Chain Barding Armor
48:43 Heavy Scorpion
50:15 Ballistics
Gomes
5:11 Loom
11:02 Feudal Age
12:25 Wheelbarrow
11:37 Double-Bit Axe
13:42 Wheelbarrow
22:30 Castle Age
23:33 Bow Saw
35:51 Gold Mining
40:09 Scale Mail Armor
40:43 Hand Cart
44:41 Imperial Age
Rearte7
9:04 Loom
11:52 Feudal Age
14:09 Fletching
15:12 Town Watch
16:28 Loom
17:02 Double-Bit Axe
21:30 Castle Age
21:20 Gold Mining
26:33 Horse Collar
30:31 Bow Saw
30:55 Stone Mining
32:50 Ballistics
32:43 Fortified Wall
32:45 Masonry
33:04 Murder Holes
34:27 Ballistics
38:07 Imperial Age
36:49 Bodkin Arrow
37:03 Padded Archer Armor
38:20 Wheelbarrow
38:33 Stone Shaft Mining
38:49 Scale Mail Armor
39:18 Conscription
40:16 Fishing Lines
40:55 Devotion
41:30 Squires
41:16 Arson
42:39 Chain Mail Armor
43:48 Heavy Plow
44:59 Forging
46:57 Hoardings
47:02 Iron Casting
46:47 Elite Ghulam
47:53 Gillnets
49:49 Blast Furnace
52:21 Grand Trunk Road
52:03 Siege Elephant
54:18 Two-Man Saw
53:21 Bracer
54:00 Gold Shaft Mining
54:29 Chemistry
54:02 Coinage
55:01 Siege Engineers
DeadpanFox71524
8:14 Double-Bit Axe
11:57 Feudal Age
16:48 Castle Age
15:42 Forging
16:11 Bow Saw
18:22 Husbandry
23:25 Wheelbarrow
24:51 Town Watch
25:51 Hand Cart
26:44 Two-Man Saw
25:51 Horse Collar
28:05 Loom
30:43 Gold Mining
30:47 Stone Mining
31:17 Heavy Plow
34:46 Imperial Age
32:03 Treadmill Crane
33:34 Padded Archer Armor
33:25 Fletching
33:42 Scale Barding Armor
33:02 Light Cavalry
34:05 Ballistics
35:00 Gold Shaft Mining
35:13 Leather Archer Armor
35:39 Iron Casting
36:31 Chemistry
35:51 Town Patrol
36:47 Stone Shaft Mining
36:46 Crop Rotation
35:41 Hussar
36:59 Murder Holes
37:35 Bombard Tower
37:08 Elite Skirmisher
38:19 Masonry
41:45 Conscription
46:35 Caravan
maRtin993♪
12:24 Feudal Age
14:12 Fishing Lines
16:22 Horse Collar
16:31 Double-Bit Axe
19:37 Loom
22:47 Castle Age
23:16 Gold Mining
23:20 Stone Mining
23:44 Heavy Plow
24:04 Forging
25:26 Stone Shaft Mining
26:18 Wheelbarrow
25:53 Town Watch
27:07 Iron Casting
26:37 Scale Barding Armor
28:24 Husbandry
28:23 Gillnets
31:45 Bloodlines
32:13 Caravan
33:17 Bow Saw
33:34 Hand Cart
33:20 Town Patrol
37:15 Imperial Age
36:45 Light Cavalry
38:19 Chain Barding Armor
39:14 Chemistry
38:35 Ballistics
38:10 Murder Holes
38:09 Elite Leitis
39:26 Hoardings
40:11 Fortified Wall
39:26 Cavalier
41:11 Two-Man Saw
40:44 Crop Rotation
41:10 Paladin
43:55 Plate Barding Armor
51:55 Fervor
Connection lost

Rejoining the realm…

Still unreachable

The connection could not be restored.

Session expired

The server has moved on; the page needs a fresh start.